 Dungeon Crawl Stone Soup version 0.30-a0-509-gd016549fea (webtiles) character file.

Game seed: 6162822657267049113

168 zishaf the Gusty (level 5, -2/31 HPs)
             Began as a Tengu Air Elementalist on Dec 22, 2022.
             Was an Initiate of Gozag.
             Slain by an ogre
             ... wielding a +0 giant club
              (25 damage)
             ... on level 4 of the Dungeon.
             The game lasted 00:04:49 (3300 turns).

zishaf the Gusty (Tengu Air Elementalist)           Turns: 3300, Time: 00:04:50

Health: -2/31      AC:  2    Str:  8    XL:     5   Next: 48%
Magic:  6/9        EV: 14    Int: 17    God:    Gozag
Gold:   121        SH:  0    Dex: 15    Spells: 5/8 levels left

rFire   . . .      SeeInvis .    p - +2 dagger (drain)
rCold   . . .      Faith    .    (no shield)
rNeg    . . .      Spirit   .    a - +0 robe
rPois   +          Reflect  .    (helmet restricted)
rElec   .          Harm     .    (no cloak)
rCorr   .          Rampage  .    (no gloves)
Will    +....                    (boots unavailable)
Stlth   ++........               (no amulet)
HPRegen 0.25/turn                i - ring of poison resistance
MPRegen 0.11/turn                g - ring of willpower

@: flying quickly and evasively, quick
A: beak, talons 3, nimble flight
a: Renounce Religion, Potion Petition, Call Merchant, Bribe Branch


You were on level 4 of the Dungeon.
You worshipped Gozag.
Gozag was aware of your devotion.
You visited 1 branch of the dungeon, and saw 4 of its levels.

You collected 156 gold pieces.
You paid 35 gold pieces to Gozag.

Inventory:

Hand Weapons
 f - a +0 dagger
 o - a +2 spear of freezing
 p - a +2 dagger of draining (weapon)
Missiles
 r - a throwing net
Armour
 a - a +0 robe (worn)
Jewellery
 g - a ring of willpower (right hand)
 i - a ring of poison resistance (left hand)
 m - an amulet of guardian spirit
Scrolls
 l - a scroll of poison
Potions
 b - a potion of magic
 c - a potion of mutation {unknown}
 d - a potion of haste {unknown}
 e - 2 potions of curing {unknown}
 h - a potion of resistance {unknown}
 j - a potion of brilliance {unknown}
 s - a potion of degeneration {unknown}


   Skills:
 + Level 2.7 Fighting
 - Level 2.1 Dodging
 - Level 2.0 Stealth
 - Level 2.0 Spellcasting
 + Level 4.0 Conjurations
 + Level 5.6 Air Magic


You had 5 spell levels left.
You knew the following spells:

 Your Spells              Type           Power      Damage    Failure   Level
a - Shock                 Conj/Air       72%        1d7       2%          1
A - Static Discharge      Conj/Air       36%        2-4/arc   4%          2

Your spell library contained the following spells:

 Spells                   Type           Power      Damage    Failure   Level
 Swiftness                Air            20%        N/A       6%          3
 Airstrike                Air            10%        2d(2-18)  19%         4
 Ozocubu's Armour         Ice            1%         N/A       50%         3
 Ozocubu's Refrigeration  Ice            0%         4d7       100%        7


Dungeon Overview and Level Annotations

Branches:
Dungeon (4/15)
 Temple: D:4-7

Altars:
Gozag

Shops:
D:3 *


Innate Abilities, Weirdness & Mutations

You have a beak for a mouth.
You have claws for feet.
Your magical nature lets you fly swiftly and evasively.


Message History

An ogre and an orc priest come into view.
The orc priest shouts!
The ogre shouts!
An orc comes into view. It is wielding a +0 hand axe.
You hear a shout!
There are monsters nearby!
Casting: Shock (safe; 2% risk of failure)
Confirm with . or Enter, or press ? or * to list all spells.
Aiming: Shock (safe; 2% risk of failure)
Press: ? - help, Shift-Dir - straight line The zap hits the orc priest.
The orc priest is moderately wounded.
The orc shouts!
You hear a shout!
Casting: Shock (safe; 2% risk of failure)
Confirm with . or Enter, or press ? or * to list all spells.
Aiming: Shock (safe; 2% risk of failure)
Press: ? - help, Shift-Dir - straight line The zap hits the orc priest but does no damage.
The orc priest is moderately wounded.
Casting: Shock (safe; 2% risk of failure)
Confirm with . or Enter, or press ? or * to list all spells.
Aiming: Shock (safe; 2% risk of failure)
Press: ? - help, Shift-Dir - straight line, f - ogre
Aim: an ogre, wielding a +0 giant club (86% to hit)
The zap hits the ogre.
The ogre is moderately wounded.
The orc priest calls down the wrath of Beogh upon you.
Pain shoots through your body!
A goblin comes into view. It is wielding a +0 club.
There is a stone staircase leading up here.
Casting: Shock (safe; 2% risk of failure)
Confirm with . or Enter, or press ? or * to list all spells.
Aiming: Shock (safe; 2% risk of failure)
Press: ? - help, Shift-Dir - straight line, f/p - ogre
Aim: an ogre, wielding a +0 giant club (moderately wounded, 86% to hit)
The zap hits the ogre.
The ogre is heavily wounded.
The ogre hits you with a +0 giant club!!
Ouch! That really hurt!
You die...
Your body crumbles into a pile of gold.

.... .......##.... #..
...### #.....?... #..g
#...######........!
...####...o..........#.
#........o...o.....#..
#........####)........
###....................#
#.......O..###.........#
.#....@...#.........#.(
#........#.##....[.###
#........#.###.#####
....................
######...<..####..##
#.....####......##
####...... ..#....#
#......### .....####
#....# .######


You could see an ogre, an orc priest, an orc and a goblin (asleep).

Vanquished Creatures
  4 gnolls (D:3)
  5 adders
  A worm (D:2)
  3 dart slugs
  An orc (D:3)
  8 ball pythons
  2 endoplasms (D:2)
  2 giant cockroaches
  9 goblins
  4 hobgoblins
  11 jackals
  A quokka (D:1)
  4 bats
  5 frilled lizards
  9 kobolds
  4 rats
73 creatures vanquished.

Notes
Turn   | Place    | Note
-------+----------+-------------------------------------------
     0 | D:1      | zishaf the Tengu Air Elementalist began the quest for the
                  | Orb.
     0 | D:1      | Reached XP level 1. HP: 10/10 MP: 4/4
   122 | D:1      | Reached XP level 2. HP: 9/16 MP: 0/6
   197 | D:1      | Reached skill level 1 in Fighting
   703 | D:1      | Reached XP level 3. HP: 20/20 MP: 4/7
   818 | D:1      | Learned a level 2 spell: Static Discharge
  1515 | D:2      | Reached XP level 4. HP: 26/26 MP: 4/8
  2085 | D:3      | Reached skill level 5 in Air Magic
  2560 | D:3      | Gained mutation: Your magical nature lets you fly swiftly
                  | and evasively. [Tengu growth]
  2560 | D:3      | Reached XP level 5. HP: 25/31 MP: 1/9
  2664 | D:3      | Found Beizxyl's Assorted Antiques.
  3052 | D:3      | Found an opulent altar of Gozag.
  3059 | D:3      | Became a worshipper of Gozag Ym Sagoz the Greedy
  3283 | D:4      | Noticed an ogre
  3300 | D:4      | Slain by an ogre

Illustrated notes

Levels and vault maps discovered:
D:1:      moated_graveyard_arrival, layout_loops_ring
D:2:      layout_loops_ring
D:3:      layout_basic, mainiacjoe_overflow_alcove_1, serial_shops,
          nicolae_shop_crystal
D:4:      layout_rooms

Skill      XL: |  1  2  3  4  5 |
---------------+----------------+-----
Conjurations   | 2 3 4 |  4.0
Fighting       | 1 2 |  2.7
Air Magic      | 5 |  5.6
Dodging        | |  2.1
Stealth        | |  2.0
Spellcasting   | |  2.0

Action                   |  1- 3 |  4- 6 || total
-------------------------+-------+-------++-------
Melee: Unarmed           |    15 |       ||    15
       Kick              |     8 |     7 ||    15
       Peck              |     6 |       ||     6
       Dagger            |    19 |    14 ||    33
       Spear             |       |     8 ||     8
       Punch             |       |     1 ||     1
 Cast: Shock             |    72 |    52 ||   124
       Static Discharge  |     2 |     9 ||    11
  Use: Scroll            |       |     4 ||     4
 Stab: Sleeping          |     1 |       ||     1
Armor: Robe              |     9 |     3 ||    12
Dodge: Dodged            |    29 |    23 ||    52

Table legend: (Time is in decaauts)
 A = Elapsed time spent in this place.
 B = Non-inter-level travel time spent in this place.
 C = Inter-level travel time spent in this place.
 D = Time resting spent in this place.
 E = Time spent auto-exploring this place.
 F = Levels seen in this place.
 G = Mean time per level.
                   A        B        C        D        E       F      G
               +--------+--------+--------+--------+--------+-----+--------+
         Total |   3255 |   3194 |     61 |    184 |   2524 |   4 |  813.8 |
       Dungeon |   3255 |   3194 |     61 |    184 |   2524 |   4 |  813.8 |
               +--------+--------+--------+--------+--------+-----+--------+

Top non-repeatable levels by time:
     D:1: 1076 daAuts
     D:3: 1053 daAuts
     D:2: 1026 daAuts
     D:4: 99 daAuts
